 Dungeon Crawl Stone Soup version 0.26.1-11-gd32895ea62 (webtiles) character file.

Game seed: 8959915666574159095

8757 Tirrikindir the Carver (level 11, 0/72 HPs)
             Began as an Octopode Fighter on June 7, 2021.
             Was a High Priest of Okawaru.
             Slain by a troll (13 damage)
             ... on level 10 of the Dungeon.
             The game lasted 00:20:44 (10110 turns).

Tirrikindir the Carver (Octopode Fighter)          Turns: 10110, Time: 00:20:45

Health: 0/72       AC:  1    Str: 16    XL:     11   Next: 35%
Magic:  16/16      EV: 16    Int: 11    God:    Okawaru [*****.]
Gold:   535        SH: 10    Dex: 14    Spells: 10/10 levels left

rFire    . . .     SeeInvis .   g - +7 Singing Sword {vorpal, sonic wave}
rCold    + + .     Faith    .   b - +0 kite shield
rNeg     . . .     Spirit   .   (helmet restricted)
rPois    .         Reflect  .   p - amulet of magic regeneration
rElec    .         Harm     .   q - ring of protection from cold
rCorr    .         Rampage  .   s - ring of protection from cold
Will     .....                  (no ring)
Stlth    +++++.....             (no ring)
HPRegen  0.22/turn              (no ring)
MPRegen  0.40/turn              (no ring)
                                (no ring)
                                (no ring)

@: hasted, very quick
A: almost no armour, stealthy swim, amphibious, 8 rings, constrict 8, camouflage
1, gelatinous body 1
a: Renounce Religion, Heroism, Finesse


You were on level 10 of the Dungeon.
You worshipped Okawaru.
Okawaru was extremely pleased with you.
You visited 2 branches of the dungeon, and saw 11 of its levels.

You collected 535 gold pieces.

Inventory:

Hand Weapons
 a - a +2 long sword
 g - the +7 Singing Sword (weapon) {vorpal, sonic wave}
   (You found it on level 4 of the Dungeon)

   It inflicts extra damage upon your enemies.
 h - a +1 short sword of speed
Missiles
 i - 8 poisoned darts (quivered)
Armour
 b - a +0 kite shield (worn)
Jewellery
 p - an amulet of magic regeneration (around mantle)
 q - a ring of protection from cold (left tentacle)
 s - a ring of protection from cold (right tentacle)
 B - an uncursed ring of stealth {unknown}
Wands
 j - a wand of digging (4)
 t - a wand of iceblast (5)
 v - a wand of paralysis (13)
Scrolls
 d - 5 scrolls of immolation
 e - 5 scrolls of teleportation
 k - 2 scrolls of enchant weapon
 m - 3 scrolls of remove curse
 o - a scroll of amnesia
 u - a scroll of magic mapping
 w - a scroll of fear {unknown}
 y - a scroll of blinking
 z - a scroll of fog {unknown}
 A - a scroll of enchant armour {unknown}
Potions
 c - a potion of might
 f - 2 potions of brilliance
 l - 2 potions of flight
 n - a potion of curing
 x - a potion of lignification {unknown}


   Skills:
 + Level 5.9 Fighting
 * Level 10.1 Long Blades
 * Level 7.4 Dodging
 + Level 7.5 Stealth
 * Level 7.5 Shields
 * Level 6.7 Invocations
 + Level 4.5 Evocations


You had 10 spell levels left.
You didn't know any spells.
Your spell library contained the following spells:

 Spells                   Type           Power        Failure   Level
 Animate Skeleton         Necr           0%           67%         1
 Foxfire                  Conj/Fire      0%           67%         1
 Pain                     Necr           0%           67%         1
 Confusing Touch          Hex            0%           95%         3
 Conjure Flame            Conj/Fire      0%           95%         3
 Gell's Gravitas          Tloc           0%           95%         3
 Inner Flame              Hex/Fire       0%           95%         3
 Vampiric Draining        Necr           0%           95%         3
 Animate Dead             Necr           0%           100%        4
 Petrify                  Tmut/Erth      0%           100%        4
 Sticky Flame             Conj/Fire      0%           100%        4
 Agony                    Necr           0%           100%        5
 Fireball                 Conj/Fire      0%           100%        5
 Metabolic Englaciation   Hex/Ice        0%           100%        5
 Yara's Violent Unravell  Hex/Tmut       0%           100%        5


Dungeon Overview and Level Annotations

Branches:
Dungeon (10/15)            Temple (1/1) D:4            Lair (0/6) D:9
    Orc (0/2) D:9

Altars:
Ashenzari
Cheibriados
Dithmenos
Elyvilon
Fedhas
Gozag
Hepliaklqana
Kikubaaqudgha
Makhleb
Nemelex Xobeh
Okawaru
Qazlal
Ru
Sif Muna
Trog
Uskayaw
Vehumet
Wu Jian
Xom
Yredelemnul
Zin
The Shining One


Innate Abilities, Weirdness & Mutations

You cannot wear most types of armour.
You are very stealthy in the water. (Stealth+)
You are amphibious.
You can wear up to eight rings at the same time.
You can use your tentacles to constrict eight enemies at once.
Your skin changes colour to match your surroundings (Stealth+).
Your rubbery body absorbs attacks. (AC +1, EV +1)


Message History

The bullfrog is heavily wounded.
Things that are here:
a +0 dagger; a +0 robe; an orc corpse You slash the bullfrog!
You kill the bullfrog!
Okawaru accepts your kill.
Found a robe.
Things that are here:
a +0 glaive; a +0 plate armour; an orc corpse The troll closely misses you.
You block the troll's attack. x2
You closely miss the troll. The troll bites you! The troll misses you.
The troll claws you! The troll barely misses you. You block the troll's attack.
The troll claws you!
You hit the troll.
The troll is lightly wounded.
The troll bites you!!
* * * LOW HITPOINT WARNING * * *
The troll closely misses you. You block the troll's attack.
You feel yourself speed up. The troll bites you!
You die...

..... ......##... ##
..#######.# .#.....#..
..........##.#... .... .
.............#..##..# ..
............##..#..# .[.
............##.....#....
...............)........
.####.....###..#T.......
## ##..#...#.))#@......#
.##....##..##..)....<..#
.†.....##...............
#......#................
..(.........^...........
.#†...#...........###...
.#.##.#...........# #..
....#......#......# #.
..........###....##


You could see a troll.

Vanquished Creatures
  2 two-headed ogres (D:8)
  4 trolls
  Menkaure (D:4)
  2 water moccasins (D:10)
  6 orc warriors
  2 ice beasts
  4 sky beasts
  2 hornet zombies
  2 phantoms
  2 necrophages (D:8)
  6 ogres
  3 centaurs
  5 big kobolds
  6 bullfrogs
  5 gnoll sergeants (D:9)
  A water moccasin skeleton (D:4)
  8 scorpions
  9 killer bees
  13 wights
  4 howler monkeys
  A quasit (D:9)
  8 jellies
  6 orc priests
  6 hounds
  5 orc wizards
  Ijyb (D:3)
  8 worker ants
  A killer bee zombie (D:8)
  A hound skeleton (D:7)
  A hound zombie (D:8)
  A worker ant zombie (D:5)
  14 adders
  7 gnolls
  A howler monkey skeleton (D:9)
  2 shadow imps
  2 white imps
  3 ufetubi
  An adder zombie (D:5)
  2 worms (D:2)
  2 dart slugs
  3 leopard geckos
  40 orcs
  7 bats
  A giant cockroach (D:3)
  6 goblins
  7 hobgoblins
  6 jackals (D:5)
  2 quokkas
  2 ball pythons
  6 frilled lizards
  15 kobolds
  A leopard gecko skeleton (D:5)
  A quokka zombie (D:5)
  2 rats
259 creatures vanquished.

Vanquished Creatures (others)
  2 kobolds (D:7)
  2 fungi (D:4)
  A plant (D:4)
  10 withered plants (D:8)
15 creatures vanquished.

Grand Total: 274 creatures vanquished

Notes
Turn   | Place    | Note
-------+----------+-------------------------------------------
     0 | D:1      | Tirrikindir the Octopode Fighter began the quest for the
                  | Orb.
     0 | D:1      | Reached XP level 1. HP: 16/16 MP: 1/1
   222 | D:1      | Reached XP level 2. HP: 18/21 MP: 2/2
   223 | D:1      | Reached skill level 1 in Stealth
   841 | D:2      | Reached XP level 3. HP: 20/26 MP: 3/3
  1155 | D:2      | Reached XP level 4. HP: 23/31 MP: 4/4
  1419 | D:2      | Reached skill level 3 in Long Blades
  1884 | D:3      | Noticed Ijyb
  1905 | D:3      | Killed Ijyb
  1951 | D:3      | Reached XP level 5. HP: 23/36 MP: 5/5
  2228 | D:3      | Found a snail-covered altar of Cheibriados.
  2608 | D:4      | Found a staircase to the Ecumenical Temple.
  2615 | Temple   | Entered the Ecumenical Temple
  2662 | Temple   | Became a worshipper of Warmaster Okawaru
  3076 | D:4      | Found a blossoming altar of Fedhas.
  3345 | D:4      | Reached XP level 6. HP: 32/43 MP: 6/6
  3448 | D:4      | Noticed Menkaure
  3652 | D:4      | Reached skill level 4 in Long Blades
  3662 | D:4      | Reached * piety under Okawaru
  3833 | D:4      | Found the +7 Singing Sword {vorpal, sonic wave}
  3837 | D:4      | Reached XP level 7. HP: 47/48 MP: 7/7
  3876 | D:4      | Reached skill level 5 in Long Blades
  4094 | D:4      | Killed Menkaure
  4095 | D:4      | Reached skill level 6 in Long Blades
  4405 | D:5      | Entered Level 5 of the Dungeon
  4415 | D:5      | Reached skill level 7 in Long Blades
  4415 | D:5      | Reached XP level 8. HP: 54/54 MP: 8/8
  4416 | D:5      | Reached ** piety under Okawaru
  4490 | D:5      | Reached skill level 8 in Long Blades
  5029 | D:5      | Reached skill level 1 in Invocations
  5359 | D:5      | Reached skill level 1 in Evocations
  6147 | D:6      | Found a sacrificial altar of Ru.
  6521 | D:7      | Reached *** piety under Okawaru
  6522 | D:7      | Reached XP level 9. HP: 41/59 MP: 10/10
  6551 | D:7      | Reached skill level 5 in Stealth
  6551 | D:7      | Reached skill level 5 in Shields
  6556 | D:7      | Reached skill level 5 in Dodging
  7057 | D:7      | Found a glowing golden altar of the Shining One.
  7247 | D:8      | Reached **** piety under Okawaru
  7440 | D:8      | Noticed a two-headed ogre
  7488 | D:8      | Killed a two-headed ogre
  7489 | D:8      | Reached skill level 5 in Fighting
  7489 | D:8      | Reached skill level 9 in Long Blades
  7489 | D:8      | Reached XP level 10. HP: 39/66 MP: 11/13
  8073 | D:8      | Found an ancient bone altar of Kikubaaqudgha.
  8216 | D:8      | Received a gift from Okawaru
  8354 | D:8      | Reached skill level 5 in Invocations
  8542 | D:8      | Noticed a two-headed ogre
  8545 | D:8      | Killed a two-headed ogre
  8688 | D:9      | Found a staircase to the Lair.
  8768 | D:9      | Reached ***** piety under Okawaru
  9074 | D:9      | Found a burning altar of Makhleb.
  9197 | D:9      | Found a staircase to the Orcish Mines.
  9204 | D:9      | Reached XP level 11. HP: 66/72 MP: 15/15
  9727 | D:10     | Entered Level 10 of the Dungeon
  9755 | D:10     | Reached skill level 10 in Long Blades
 10031 | D:10     | Received a gift from Okawaru
 10039 | D:10     | Got a crude tin amulet
 10050 | D:10     | Identified the amulet of Ucafibe {Acrobat +Inv rF++ Slay-6
                  | SInv} (You found it on level 10 of the Dungeon)
 10110 | D:10     | Slain by a troll

Illustrated notes

Levels and vault maps discovered:
D:1:      psy_arrival_terrarium, layout_basic, chequers_serial_rivers_micro_c
D:2:      wander_river, layout_basic, minmay_crystal_water
D:3:      layout_basic, overflow_temple_1_default, uniq_ijyb
D:4:      old_forge, layout_layer_cave, minmay_temple_entry_junction,
          fedhas_altar_fruit_tree, uniq_menkaure
D:5:      layout_gridville, serial_glass, glass_columns_b, glass_columns_a
D:6:      layout_cave_pods, basic_altar, serial_park_tiny_1
D:7:      layout_rooms, nicolae_tso_swordbearing_angel
D:8:      minmay_s_stair_smasher, layout_loops_ring, kiku_gazebo_garden_becter
D:9:      layout_big_octagon, bloody_makhleb, lair_entry_dummy,
          kennysheep_orc_monster_closet_entryway, serial_column_ruins,
          column_ruins_grid_3, column_ruins_columns_corner,
          column_ruins_open_large, st_stairs_12
D:10:     layout_cave_pools
Temple:   dpeg_five_rooms_temple

Skill      XL: |  1  2  3  4  5  6  7  8  9 10 11 |
---------------+----------------------------------+-----
Stealth        | 1 2 3 4 6 7 |  7.5
Long Blades    | 3 4 7 8 9 10 | 10.1
Dodging        | 4 6 7 |  7.4
Shields        | 4 6 7 |  7.5
Fighting       | 4 5 |  5.9
Invocations    | 2 4 6 |  6.7
Evocations     | 1 3 4 |  4.5

Action                   |  1- 3 |  4- 6 |  7- 9 | 10-12 || total
-------------------------+-------+-------+-------+-------++-------
Melee: Long sword        |    39 |    88 |     4 |       ||   131
       Tentacles         |    11 |    24 |    30 |    31 ||    96
       Constrict         |    14 |    28 |    27 |    34 ||   103
       Double sword      |       |       |   110 |   108 ||   218
       Short sword       |       |       |    13 |    11 ||    24
Throw: Dart              |       |     4 |     6 |     2 ||    12
Invok: Heroism           |       |       |     4 |     1 ||     5
Evoke: Wand              |       |       |     2 |     1 ||     3
  Use: Scroll            |     4 |     5 |     3 |     4 ||    16
       Potion            |       |     1 |       |     2 ||     3
 Stab: Sleeping          |     7 |    12 |     5 |     7 ||    31
       Distracted        |     1 |       |     1 |     1 ||     3
Armor: Skin              |     1 |     3 |     4 |     3 ||    11
Dodge: Dodged            |    17 |    42 |    54 |    79 ||   192
Block: Kite shield       |    13 |    41 |    59 |    61 ||   174
       Rpst.: Long sword |     6 |     6 |       |       ||    12
       Double sword      |       |       |    14 |    18 ||    32
